AoeStats
← 速上1500

Arabia

505017905Analyzed
1v1 RM · 26d ago on Sep 7, 2026· 37m 18s· 2 players
Game mode
Random Map
Map size
Tiny (2 player)
Population
200
Speed
Normal
Resources
Standard
Victory
Conquest
Starting age
Dark Age
Ending age
Imperial Age
RankedLock teamsTeams togetherTeam positionsShared explorationLock speedFull tech treeHidden civsTurbo modeCheats
Victory
Defeat
🇭🇰 Spanish · Hong Kong SAR China
1489
+16
🇯🇵 Malians · Japan
1479
-16
aka Frost1e
6:44 Loom
10:51 Feudal Age
11:21 Double-Bit Axe
14:08 Town Watch
14:51 Fletching
21:19 Castle Age
19:49 Padded Archer Armor
19:44 Horse Collar
20:19 Gold Mining
21:57 Crossbowman
22:32 Bodkin Arrow
23:27 Bow Saw
30:52 Ballistics
速上1500
13:08 Feudal Age
16:58 Castle Age
14:46 Loom
17:09 Castle Age
15:37 Double-Bit Axe
16:46 Fletching
19:12 Bow Saw
19:03 Padded Archer Armor
18:56 Horse Collar
23:25 Leather Archer Armor
24:01 Gold Mining
27:34 Husbandry
27:45 Bloodlines
30:28 Bloodlines
31:32 Wheelbarrow
Connection lost

Rejoining the realm…

Still unreachable

The connection could not be restored.

Session expired

The server has moved on; the page needs a fresh start.